 Dungeon Crawl Stone Soup version 0.19.4 (webtiles) character file.

116 Kiturien the Slasher (level 5, -1/49 HPs)
             Began as a Tengu Berserker on Feb 1, 2017.
             Was a Believer of Trog.
             Slain by an orc wizard
             ... wielding a +0 dagger
              (4 damage)
             ... on level 4 of the Dungeon.
             The game lasted 00:05:02 (2652 turns).

Kiturien the Slasher (Tengu Berserker)              Turns: 2652, Time: 00:05:03

Health: -1/49      AC:  2    Str: 23    XL:     5   Next: 0%
Magic:  6/6        EV: 12    Int: 12    God:    Trog [**....]
Gold:   155        SH:  6    Dex: 14    Spells: 0 memorised, 4 levels left

rFire  . . .     SeeInvis .     a - +0 falchion
rCold  . . .     Gourm    .     b - +0 animal skin
rNeg   . . .     Faith    .     h - +2 buckler
rPois  .         Spirit   .     (helmet restricted)
rElec  .         Reflect  .     (no cloak)
rCorr  +         Harm     .     (no gloves)
MR     ++...                    (boots unavailable)
Stlth  ..........               (no amulet)
                                n - ring of resist corrosion
                                j - ring of stealth

@: brilliant, berserking, regenerating, very quick
A: beak, talons 3, able to fly 1
a: Fly, Berserk, Trog's Hand, Burn Spellbooks, Renounce Religion


You were on level 4 of the Dungeon.
You worshipped Trog.
Trog was pleased with you.
You were very hungry.

You visited 1 branch of the dungeon, and saw 3 of its levels.

You collected 155 gold pieces.

Inventory:

Hand Weapons
 a - a +0 falchion (weapon)
Missiles
 e - 7 javelins of penetration (quivered)
Armour
 b - a +0 animal skin (worn)
 h - a +2 buckler (worn)
Jewellery
 j - a ring of stealth (left hand)
 m - an uncursed ring of magical power
 n - a ring of resist corrosion (right hand)
Scrolls
 d - 2 scrolls of teleportation
 f - 3 scrolls of identify {unknown}
 i - a scroll of enchant armour {unknown}
 k - 2 scrolls of remove curse
Potions
 g - a potion of berserk rage {unknown}
Comestibles
 l - 2 meat rations


   Skills:
 * Level 3.8 Fighting
 * Level 4.6 Long Blades
 * Level 2.9 Armour
 * Level 2.5 Dodging
 * Level 0.8 Shields


You had 4 spell levels left.
You didn't know any spells.

Dungeon Overview and Level Annotations

Branches:
Dungeon (2/15)

Altars:
Dithmenos


Innate Abilities, Weirdness & Mutations

You have a beak for a mouth.
You have claws for feet.
You can fly.


Message History

You closely miss the orc wizard.
The orc wizard is heavily wounded.
The orc wizard closely misses you.
You riposte.
You hit the orc wizard.
You claw the orc wizard, but do no damage.
The orc wizard is severely wounded.
The orc barely misses you. The orc closely misses you. The orc misses you.
You riposte.
You hit the orc. Your kick misses the orc.
The orc is almost dead.
The orc wizard barely misses you.
You riposte.
You closely miss the orc wizard. Your kick misses the orc wizard.
The orc wizard is severely wounded.
A red film seems to cover your vision as you go berserk!
You feel yourself moving faster!
You feel mighty!
You are feeling very hungry.
The orc hits you from afar with a trident of pain.
* * * LOW HITPOINT WARNING * * *
You writhe in agony.
* * * LOW HITPOINT WARNING * * *
The orc wizard hits you with a dagger.
You die...

####...## #.........
........#
#######......
...(...##
#............
#.#..#.##
#....<...####
........# #<.......#
........####........#
#.......'........#
#....####........#
#..o@o..#........#
#.##o##.#........# ..
o.. #........# ##
##... #........#
#.##.########## #..
.# #.# # ..)


You could see an orc wizard and 3 orcs.

Vanquished Creatures
  A worker ant (D:4)
  5 adders (D:2)
  An ooze (D:2)
  A dart slug (D:1)
  A leopard gecko (D:2)
  4 bats
  2 giant cockroaches (D:2)
  5 goblins
  4 hobgoblins
  3 jackals (D:2)
  A quokka (D:2)
  7 frilled lizards
  2 kobolds
  5 rats
42 creatures vanquished.

Notes
Turn   | Place    | Note
-------+----------+-------------------------------------------
     0 | D:1      | Kiturien the Tengu Berserker began the quest for the Orb.
     0 | D:1      | Reached XP level 1. HP: 14/14 MP: 2/2
   301 | D:1      | Reached XP level 2. HP: 19/19 MP: 3/3
   902 | D:2      | Reached XP level 3. HP: 12/23 MP: 4/4
  1330 | D:2      | Reached skill level 4 in Long Blades
  1497 | D:2      | Reached ** piety under Trog
  1538 | D:2      | Reached XP level 4. HP: 20/28 MP: 5/5
  2398 | D:2      | You fall through a shaft for 2 floors!
  2444 | D:4      | Found a shadowy altar of Dithmenos.
  2479 | D:4      | Gained mutation: You can fly. [Tengu growth]
  2479 | D:4      | Reached XP level 5. HP: 21/33 MP: 6/6
  2652 | D:4      | Slain by an orc wizard

Skill      XL: |  1  2  3 |
---------------+----------+-----
Long Blades    | 4 |  4.6
Fighting       | |  3.8
Armour         | |  2.9
Dodging        | |  2.5
Shields        | |  0.8

Action                   |  1- 3 |  4- 6 || total
-------------------------+-------+-------++-------
Melee: Falchion          |    69 |    46 ||   115
       Kick              |    24 |    12 ||    36
       Peck              |     7 |     7 ||    14
Invok: Trog's Hand       |       |     2 ||     2
       Berserk           |       |     1 ||     1
  Use: Scroll            |     1 |     1 ||     2
       Potion            |       |     1 ||     1
 Stab: Sleeping          |     4 |       ||     4
  Eat: Bread ration      |       |     1 ||     1
       Beef jerky        |       |     1 ||     1
Armor: Animal skin       |     7 |     8 ||    15
Dodge: Dodged            |    34 |    35 ||    69
Block: Buckler           |    13 |    26 ||    39
       Rpst.: Falchion   |    15 |    13 ||    28
